 Dungeon Crawl Stone Soup version 0.28.0-47-ge53b351184 (webtiles) character file.

Game seed: 9228796973886786023

9788 101zpm the Thaumaturge (level 11, -1/74 HPs)
             Began as a Djinni Fire Elementalist on May 7, 2022.
             Was a Priest of Hepliaklqana.
             Slain by Grum
             ... wielding a +1 halberd of freezing
              (4 damage)
             ... on level 1 of the Lair of Beasts.
             The game lasted 00:33:17 (11893 turns).

101zpm the Thaumaturge (Djinni Fire Elementalist)  Turns: 11893, Time: 00:33:17

Health: -1/74      AC:  4    Str: 13    XL:     11   Next: 80%
Gold:   657        EV: 13    Int: 22    God:    Hepliaklqana [***...] SH:  0 Dex: 13

rFire   + + .      SeeInvis .   L - +2 flail of Makhleb {flame, rC+}
rCold   + . .      Faith    .   (no shield)
rNeg    . . .      Spirit   .   a - +0 robe
rPois   ∞          Reflect  .   q - +0 helmet
rElec   .          Harm     .   (no cloak)
rCorr   .          Rampage  .   S - +0 pair of gloves
Will    +....                   (boots unavailable)
Stlth   ++........              N - amulet of Vitality {Regen+ HP+15}
HPRegen 1.02/turn               k - ring of protection from cold
MPRegen 0.00/turn               G - +6 ring of strength

@: flying
A: reduced essence, sickness immunity, fire resistance 2, cold vulnerability 1,
float, innate caster, HP casting, extra vitality 1
a: Renounce Religion, Ancestor Life: Knight, Ancestor Life: Battlemage, Ancestor
Life: Hexer, Recall Ancestor, Ancestor Identity, Transference


You were on level 1 of the Lair of Beasts.
You worshipped Hepliaklqana.
Hepliaklqana was most pleased with you.
You visited 4 branches of the dungeon, and saw 12 of its levels.
You also visited: Ossuary.

You collected 657 gold pieces.

Inventory:

Hand Weapons
 e - a +3 short sword of venom
 L - the +2 flail of Makhleb (weapon) {flame, rC+}
   (You found it on level 8 of the Dungeon)

   It burns those it strikes, dealing additional fire damage.
   rC:        It protects you from cold.
Armour
 a - a +0 robe (worn)
 q - a +0 helmet (worn)
 S - a +0 pair of gloves (worn)
Jewellery
 j - an amulet of regeneration
 k - a ring of protection from cold (left hand)
 n - an amulet of faith
 o - a +6 ring of dexterity
 s - a ring of protection from cold
 t - a ring of protection from cold
 x - a +4 ring of evasion
 G - a +6 ring of strength (right hand)
 H - a ring of wizardry
 N - the amulet of Vitality (around neck) {Regen+ HP+15}
   (You found it on level 8 of the Dungeon)

   [amulet of regeneration]

   HP:        It affects your health (+15).
   Regen:     It increases your rate of health regeneration.
Wands
 z - a wand of paralysis (13)
 I - a wand of flame (28)
 K - a wand of acid (13)
 Q - a wand of charming (10)
 R - a wand of mindburst (12)
Scrolls
 c - 7 scrolls of identify
 d - 5 scrolls of immolation
 f - 3 scrolls of fog
 g - 2 scrolls of magic mapping
 i - 2 scrolls of vulnerability {unknown}
 p - 4 scrolls of teleportation {unknown}
 u - a scroll of holy word {unknown}
 w - 5 scrolls of enchant armour {unknown}
 y - 2 scrolls of fear {unknown}
 C - a scroll of acquirement {unknown}
 D - a scroll of summoning {unknown}
 F - 3 scrolls of amnesia {unknown}
 O - a scroll of noise {unknown}
 P - a scroll of torment {unknown}
Potions
 b - 14 potions of curing {unknown}
 h - 3 potions of might {unknown}
 l - 2 potions of degeneration {unknown}
 m - 2 potions of attraction {unknown}
 r - 2 potions of mutation {unknown}
 v - 2 potions of lignification {unknown}
 A - 3 potions of ambrosia {unknown}
 B - a potion of heal wounds {unknown}
 E - 2 potions of resistance {unknown}
 J - 2 potions of brilliance {unknown}
 M - a potion of cancellation {unknown}


   Skills:
 + Level 0.9 Fighting
 + Level 3.3 Dodging
 + Level 3.5 Stealth
 + Level 13.4 Spellcasting


You had 8 spell levels left.
You knew the following spells:

 Your Spells              Type           Power      Damage    Failure   Level
a - Foxfire               Conj/Fire      100%       2x1d9     1%          1
b - Scorch                Fire           100%       2d10      1%          2
c - Conjure Flame         Conj/Fire      65%        6-21      1%          3
d - Inner Flame           Hex/Fire       65%        N/A       1%          3
e - Flame Wave            Conj/Fire      65%        2d12      1%          4
f - Animate Skeleton      Necr           100%       N/A       1%          1
g - Static Discharge      Conj/Air       65%        N/A       1%          2
h - Lesser Beckoning      Tloc           65%        N/A       1%          3
i - Animate Armour        Summ/Erth      100%       N/A       1%          4
j - Manifold Assault      Tloc           65%        N/A       1%          5
Your spell library was empty.

Dungeon Overview and Level Annotations

Branches:
Dungeon (9/15)             Temple (1/1) D:6            Lair (1/6) D:9
    Orc (1/2) D:9         Ossuary (visited)

Altars:
Cheibriados
Dithmenos
Elyvilon
Fedhas
Gozag
Hepliaklqana
Kikubaaqudgha
Nemelex Xobeh
Okawaru
Qazlal
Ru
Sif Muna
Trog
Uskayaw
Vehumet
Wu Jian
Xom
Yredelemnul
Zin
The Shining One
Beogh

Shops:
D:7 (   D:8 [

Annotations:
D:7 3 runed translucent doors, dandone's ghost, novice GrBe
Lair:1 Grum


Innate Abilities, Weirdness & Mutations

Your life essence is reduced to manifest your ancestor. (-10% HP)
You are immune to sickness and miasma.
You are immune to poison.
Your flesh is very heat resistant. (rF++)
You are vulnerable to cold. (rC-)
You float through the air rather than walking.
You learn spells naturally, not from books.
Your magical power is your life essence.
You have superior vitality. (+4 MHP)


Message History

Casting: Inner Flame (safe; 1% risk of failure)
Confirm with . or Enter, or press ? or * to list all spells.
Aiming: Inner Flame (safe; 1% risk of failure)
Press: ? - help, Dir - move target, f - wolf, p - Grum
Aim: a wolf (severely wounded, more vulnerable to fire, ally target, chance to affect: 96%)
The wolf is filled with an inner flame.
The wolf bites Zola but does no damage.
The wolf bites Zola!
Zola is destroyed!
Casting: Foxfire (safe; 1% risk of failure)
Press: ? - help, Q - select action, (/) - cycle Dir - look around, f - activate You conjure some foxfire!
The wolf is no longer more vulnerable to fire.
The foxfire hits the wolf.
The wolf is moderately wounded.
The wolf bites you but does no damage. The wolf bites you!
The foxfire hits the wolf.
The wolf is heavily wounded.
The wolf bites you!
You see here 20 gold pieces.
Casting: Foxfire (safe; 1% risk of failure)
Press: ? - help, Q - select action, (/) - cycle Dir - look around, f - activate You conjure some foxfire!
The wolf barely misses you. The wolf bites you. x2
The wolf closely misses you. The wolf barely misses you.
The wolf is no longer more vulnerable to fire.
The foxfire hits the wolf but does no damage.
The wolf is heavily wounded.
The foxfire hits the wolf.
The wolf is severely wounded.
The wolf bites you but does no damage. The wolf completely misses you.
Casting: Foxfire (safe; 1% risk of failure)
Press: ? - help, Q - select action, (/) - cycle Dir - look around, f - activate You conjure some foxfire!
The wolf bites you. The wolf bites you! x2
* * * LOW HITPOINT WARNING * * *
The wolf misses you.
Grum hits you from afar with a +1 halberd of freezing!!
* * * LOW HITPOINT WARNING * * *
Grum freezes you.
You die...

....# . .#
..P.# P. ...
#...##... ..
#.#....
#.#.##...#
#........# #
#...##g..# .#
#..§P#.hh# ..
#.#..#.h@##.#.#
#......v.v....#
#.#>#....##...#
#
#.##...#....#.#
#......#P.....#
#.##...##...#.#
# #...##.#...#
#......#.#.#
#...##.....#


You could see Grum (inner flame) and 3 wolves.

Vanquished Creatures
  2 two-headed ogres
  A cane toad (Lair:1)
  A troll (D:8)
  5 blink frogs (Lair:1)
  Sigmund (D:2)
  2 wyverns
  6 yaks (D:8)
  A wraith (Ossuary)
  6 humans (D:6)
  Eustachio (D:5)
  2 wargs (D:9)
  3 water moccasins
  8 orc warriors
  2 black bears
  A hornet zombie (D:6)
  2 ice beasts
  3 necrophages
  9 centaurs
  2 ogres
  3 scorpions
  A bullfrog (Lair:1)
  2 water moccasin skeletons
  9 killer bees
  A howler monkey (D:8)
  3 wights (D:9)
  A hound (D:6)
  A jelly (D:6)
  2 orc priests
  2 bullfrog skeletons (D:6)
  2 centaur zombies
  2 gnoll shamans
  A centaur skeleton (D:6)
  4 iguanas
  Terence (D:3)
  11 orc wizards
  3 mummies (Ossuary)
  A howler monkey zombie (D:7)
  6 gnolls
  5 adders
  3 shadow imps
  3 white imps
  2 ufetubi
  An adder skeleton (D:4)
  4 worms
  A dart slug (D:5)
  30 orcs
  5 ball pythons
  8 endoplasms
  3 giant cockroaches
  2 gnoll zombies (Ossuary)
  4 goblins
  3 hobgoblins
  3 jackals (D:3)
  3 quokkas
  4 bats
  7 frilled lizards
  2 goblin zombies (Ossuary)
  5 hobgoblin zombies (Ossuary)
  A kobold zombie (Ossuary)
  6 rats
219 creatures vanquished.

Vanquished Creatures (collateral kills)
  A gnoll (Orc:1)
  A worm (D:2)
  2 orcs
  A goblin (D:2)
  5 foxfires
10 creatures vanquished.

Vanquished Creatures (others)
  A wizard (D:6)
  2 ancestors
  953 foxfires
  A fungus (Lair:1)
  A plant (Lair:1)
958 creatures vanquished.

Grand Total: 1187 creatures vanquished

Notes
Turn   | Place    | Note
-------+----------+-------------------------------------------
     0 | D:1      | 101zpm the Djinni Fire Elementalist began the quest for the
                  | Orb.
     0 | D:1      | Reached XP level 1. HP: 15/15 MP: 0/0
   649 | D:1      | Reached XP level 2. HP: 11/21 MP: 0/0
  1410 | D:3      | Reached XP level 3. HP: 21/25 MP: 0/0
  1410 | D:3      | Learned a level 1 spell: Animate Skeleton
  1556 | D:3      | Reached skill level 3 in Spellcasting
  1700 | D:3      | Noticed Terence
  1707 | D:3      | Killed Terence
  1708 | D:3      | Reached XP level 4. HP: 21/31 MP: 0/0
  2188 | D:3      | Found a shadowy altar of Dithmenos.
  2517 | D:4      | Noticed a black bear
  2523 | D:4      | Killed a black bear
  2524 | D:4      | Reached skill level 4 in Spellcasting
  2524 | D:4      | Reached XP level 5. HP: 27/35 MP: 0/0
  2524 | D:4      | Learned a level 2 spell: Static Discharge
  2860 | D:4      | Reached XP level 6. HP: 29/40 MP: 0/0
  3007 | D:4      | Found an ornate altar of the Wu Jian Council.
  3021 | D:4      | Noticed a necrophage
  3024 | D:4      | Killed a necrophage
  3040 | D:4      | Reached skill level 5 in Spellcasting
  3082 | D:4      | Noticed an ogre
  3086 | D:4      | Killed an ogre
  3087 | D:4      | Reached XP level 7. HP: 23/45 MP: 0/0
  3087 | D:4      | Learned a level 3 spell: Lesser Beckoning
  3846 | D:5      | Entered Level 5 of the Dungeon
  3858 | D:5      | Found a hazy altar of Hepliaklqana.
  3866 | D:5      | Became a worshipper of Hepliaklqana the Forgotten
  4180 | D:5      | Found an opulent altar of Gozag.
  4187 | D:5      | Reached skill level 6 in Spellcasting
  4262 | D:5      | Found a stormy altar of Qazlal.
  4385 | D:5      | Reached XP level 8. HP: 24/50 MP: 0/0
  4540 | D:5      | Reached * piety under Hepliaklqana
  4708 | D:5      | Noticed Eustachio
  4712 | D:5      | Killed Eustachio
  4906 | D:5      | Reached skill level 7 in Spellcasting
  4912 | D:5      | Found a sparkling altar of Nemelex Xobeh.
  5658 | D:2      | Noticed Sigmund
  5664 | D:2      | Killed Sigmund
  6531 | D:1      | Found a faded altar of an unknown god.
  6801 | D:6      | Noticed a human
  6802 | D:6      | Noticed a human
  6804 | D:6      | Noticed a human
  6805 | D:6      | Noticed a human
  6807 | D:6      | Noticed a human
  6810 | D:6      | Killed a human
  6811 | D:6      | Reached skill level 8 in Spellcasting
  6811 | D:6      | Reached XP level 9. HP: 40/49 MP: 0/0
  6811 | D:6      | Learned a level 4 spell: Animate Armour
  6819 | D:6      | Reached skill level 9 in Spellcasting
  6906 | D:6      | Found a bloodstained altar of Trog.
  6908 | D:6      | Noticed a wizard
  6912 | D:6      | Killed a wizard
  6965 | D:6      | Reached ** piety under Hepliaklqana
  6974 | D:6      | Found a sand-covered staircase.
  6978 | Ossuary  | Entered an ossuary
  7469 | D:6      | Found a glowing golden altar of the Shining One.
  7476 | D:6      | Found a blossoming altar of Fedhas.
  7593 | D:6      | Found a staircase to the Ecumenical Temple.
  7911 | D:6      | Reached skill level 10 in Spellcasting
  7911 | D:6      | Reached XP level 10. HP: 49/54 MP: 0/0
  8422 | D:7      | Reached skill level 11 in Spellcasting
  8570 | D:7      | Found a runed translucent gate.
  8570 | D:7      | Found a runed translucent gate.
  8570 | D:7      | Found a runed translucent gate.
  8594 | D:7      | Noticed dandone's ghost (novice GrBe)
  8659 | D:7      | Found Maulely's Antique Weapon Emporium.
  8972 | D:8      | Identified the +2 flail of Makhleb {flame, rC+}
  9042 | D:8      | Found the amulet of Vitality {Regen+ HP+15}
  9118 | D:8      | Found Borph's Armour Boutique.
  9185 | D:8      | Reached XP level 11. HP: 58/58 MP: 0/0
  9185 | D:8      | Learned a level 5 spell: Manifold Assault
  9352 | D:8      | Noticed a two-headed ogre
  9362 | D:8      | Killed a two-headed ogre
  9363 | D:8      | Reached skill level 12 in Spellcasting
  9848 | D:9      | Found a sacrificial altar of Ru.
  9895 | D:9      | Reached *** piety under Hepliaklqana
  9996 | D:9      | Found a staircase to the Orcish Mines.
 10066 | D:9      | Found a staircase to the Lair.
 10152 | D:9      | Noticed a two-headed ogre
 10159 | D:9      | Killed a two-headed ogre
 10630 | Temple   | Entered the Ecumenical Temple
 11013 | Orc:1    | Entered Level 1 of the Orcish Mines
 11065 | Orc:1    | Reached skill level 13 in Spellcasting
 11323 | Orc:1    | Found a bloodstained altar of Trog.
 11424 | Orc:1    | Noticed an orc knight
 11424 | Orc:1    | Noticed an orc warlord
 11702 | Lair:1   | Entered Level 1 of the Lair of Beasts
 11878 | Lair:1   | Noticed Grum
 11893 | Lair:1   | HP: 3/74 [Grum/+1 halberd of freezing (18)]
 11893 | Lair:1   | Slain by Grum

Illustrated notes

Levels and vault maps discovered:
D:1:      ncdulo_lavacross, layout_loops_ring,
          dilly_ecumenical_altar_fadedgnrine, st_stairs_1
D:2:      layout_loops_ring, roderic_serpentine_path, minivault_24, uniq_sigmund
D:3:      layout_rooms, nicolae_dithmenos_the_darkroom, amcnicky_altar_gilded,
          uniq_terence
D:4:      layout_cave_pools, old_standard_altar
D:5:      layout_basic, grunt_qazlal_sundering, mainiacjoe_overflow_alcove_1,
          mainiacjoe_overflow_tiny_flanked, nemelex_dance_club_becter,
          uniq_eustachio
D:6:      layout_loops_cross, trog_wizard, lemuel_doored_altar, kennysheep_mini,
          minmay_temple_entry_offerings, serial_glass, glass_columns_b,
          glass_columns_a, enter_ossuary_5, minmay_ruffians
D:7:      layout_loops_ring, serial_shops, shop_statue,
          biasface_ghost_orc_armoury, nrook_uturn, st_stairs_8, centaur_isle
D:8:      layout_loops_ring, serial_shops, kennysheep_mini_moat
D:9:      layout_loops_ring, nicolae_ru_the_path_less_chosen,
          erik_lair_orcish_takeover, orc_0_dummy
Temple:   compressed_dpeg_triangle_lava_temple
Lair:1:   layout_long_grid, uniq_fannar, uniq_grum
Orc:1:    cheibrodos_orc_arena, layout_diamond_mine, basic_altar

Skill      XL: |  1  2  3  4  5  6  7  8  9 10 11 |
---------------+----------------------------------+-----
Spellcasting   | 3 4 5 6 8 10 11 13 | 13.4
Stealth        | 2 3 |  3.5
Dodging        | 3 |  3.3
Fighting       | |  0.9

Action                   |  1- 3 |  4- 6 |  7- 9 | 10-12 || total
-------------------------+-------+-------+-------+-------++-------
Melee: Unarmed           |     4 |       |       |       ||     4
 Cast: Foxfire           |    67 |    75 |   291 |   273 ||   706
       Scorch            |     9 |     2 |    38 |    44 ||    93
       Inner Flame       |       |     7 |    58 |    84 ||   149
       Animate Armour    |       |       |     1 |     8 ||     9
       Flame Wave        |       |       |       |     8 ||     8
  Use: Scroll            |       |       |     4 |       ||     4
Armor: Robe              |     2 |     2 |     3 |     5 ||    12
Dodge: Dodged            |     7 |     2 |    10 |    27 ||    46
